 Dungeon Crawl Stone Soup version 0.23-a0-643-g9ccc95a (webtiles) character file.

15278 tidbits the Summoner (level 12, 0/91 HPs)
             Began as a Gnoll Summoner on Dec 31, 2018.
             Was a High Priest of Cheibriados.
             Slain by a salamander
             ... wielding a +2 trident
              (3 damage)
             ... on level 1 of the Snake Pit.
             The game lasted 00:47:25 (4133 turns).

tidbits the Summoner (Gnoll Summoner)               Turns: 4133, Time: 00:47:26

Health: 0/91       AC: 17    Str: 23 (24) XL:     12   Next: 25%
Magic:  33/33      EV: 19    Int: 39      God:    Cheibriados [*****.]
Gold:   513        SH: 12    Dex: 32 (33) Spells: 7/28 levels left

rFire    + + .     SeeInvis .   b - +3 long sword
rCold    . . .     Gourm    .   D - +0 buckler
rNeg     . . .     Faith    .   B - +5 scale mail of Xuonurch {rElec MP+9 Dex-2}
rPois    +         Spirit   .   E - +0 helmet
rElec    +         Reflect  +   C - +1 cloak
rCorr    .         Harm     .   G - +0 pair of gloves
MR       .....                  (no boots)
Stlth    ++++......             v - amulet "Efoijiuhau" {Reflect *Contam rF++ Dex+7 SH+4}
HPRegen  0.25/turn              P - ring of poison resistance
MPRegen  0.23/turn              d - +6 ring of intelligence

@: very slow
A: distributed training, fangs 1, deterioration 1, strong nose
a: Bend Time, Temporal Distortion, Slouch, Step From Time, Renounce Religion


You were on level 1 of the Snake Pit.
You worshipped Cheibriados.
Cheibriados was extremely pleased with you.
You were not hungry.

You visited 4 branches of the dungeon, and saw 17 of its levels.

You collected 513 gold pieces.

Inventory:

Hand Weapons
 a - a +3 dagger of venom
   (You took it off a naga ritualist on level 1 of the Snake Pit)
 b - a +3 long sword (weapon)
 g - a +0 blowgun
 h - a +0 trident
 o - a +0 fustibalus
 p - a +0 hand crossbow
 z - a +1 dagger of venom
   (You took it off an orc on level 9 of the Dungeon)
 M - a +2 mace of protection
   (You took it off an orc on level 9 of the Dungeon)
 U - a +1 mace of holy wrath
   (You took it off an orc on level 9 of the Dungeon)
Missiles
 k - 155 arrows
 n - 50 sling bullets
 x - 69 bolts
 H - 3 tomahawks (quivered)
 Z - 2 poisoned javelins
Armour
 A - a +3 leather armour
 B - the +5 scale mail of Xuonurch (worn) {rElec MP+9 Dex-2}
   (You found it on level 5 of the Dungeon)

   It affects your dexterity (-2).
   It insulates you from electricity.
   It affects your magic capacity (+9).
 C - a +1 cloak (worn)
 D - a +0 buckler (worn)
 E - a +0 helmet (worn)
 G - a +0 pair of gloves (worn)
 K - the +0 leather armour of Sary {*Contam +Fly Str+6}
   (You found it on level 2 of the Lair of Beasts)

   It affects your strength (+6).
   It lets you fly.
   It causes magical contamination when unequipped.
Magical Staves
 I - an uncursed staff of conjuration {unknown}
   (You found it on level 7 of the Dungeon)
Jewellery
 d - a +6 ring of intelligence (right hand)
   (You found it on level 3 of the Dungeon)
 j - an uncursed ring of stealth
   (You found it on level 1 of the Dungeon)
 q - an uncursed amulet of rage
   (You found it on level 2 of the Dungeon)
 v - the amulet "Efoijiuhau" (around neck) {Reflect *Contam rF++ Dex+7 SH+4}
   (You found it on level 2 of the Lair of Beasts)

   [amulet of reflection]

   It shields you and reflects attacks.
   It affects your dexterity (+7).
   It greatly protects you from fire.
   It causes magical contamination when unequipped.
   It affects your SH (+4).
 y - an uncursed ring of protection from fire
   (You found it on level 3 of the Lair of Beasts)
 P - a ring of poison resistance (left hand)
   (You found it on level 5 of the Dungeon)
 R - an uncursed amulet of regeneration
   (You found it on level 1 of the Dungeon)
Wands
 Q - a wand of iceblast (7)
Scrolls
 e - 4 scrolls of fear
 i - a scroll of random uselessness {unknown}
 m - 3 scrolls of amnesia
 r - 4 scrolls of remove curse
 s - 2 scrolls of noise {unknown}
 t - a scroll of teleportation
 W - a scroll of torment
Potions
 f - a potion of berserk rage {unknown}
 l - 3 potions of heal wounds
 w - a potion of might
 F - a potion of cancellation {unknown}
 J - 2 potions of curing
 L - a potion of degeneration {unknown}
 N - a potion of magic {unknown}
 S - 2 potions of lignification {unknown}
 T - 5 potions of flight
 V - a potion of invisibility
 X - a potion of mutation {unknown}
Comestibles
 c - 15 rations


   Skills:
 + Level 7.0 Fighting
 + Level 7.0 Short Blades
 + Level 7.0 Long Blades
 + Level 7.0 Axes
 + Level 7.0 Maces & Flails
 + Level 7.0 Polearms
 + Level 7.0 Staves
 + Level 7.0 Slings
 + Level 7.0 Bows
 + Level 7.0 Crossbows
 + Level 7.0 Throwing
 + Level 7.0 Armour
 + Level 8.4 Dodging
 + Level 8.2 Stealth
 + Level 7.0 Shields
 + Level 7.0 Unarmed Combat
 + Level 8.7 Spellcasting
 + Level 5.8 Conjurations
 + Level 5.8 Hexes
 + Level 5.8 Charms
 + Level 9.2 Summonings
 + Level 5.8 Necromancy
 + Level 5.8 Translocations
 + Level 5.8 Transmutations
 + Level 5.8 Fire Magic
 + Level 5.8 Ice Magic
 + Level 5.8 Air Magic
 + Level 5.8 Earth Magic
 + Level 5.8 Poison Magic
 + Level 7.6 Invocations
 + Level 7.0 Evocations


You had 7 spell levels left.
You knew the following spells:

 Your Spells              Type           Power        Failure   Level  Hunger
a - Petrify               Tmut/Erth      ######..     4%          4    None
c - Confuse               Hex            ######..     1%          3    None
p - Passwall              Tmut/Erth      ######..     1%          2    None
C - Call Canine Familiar  Summ           ######..     1%          3    None
D - Lee's Rapid Deconstr  Erth           ######....   12%         5    ##.....
L - Summon Lightning Spi  Summ/Air       ######..     2%          4    None

Your spell library contained the following spells:

 Spells                   Type           Power        Failure   Level  Hunger
 Confusing Touch          Hex            ######       1%          1    None
 Corona                   Hex            ######.      1%          1    None
 Sandblast                Erth           ######       1%          1    None
 Summon Small Mammal      Summ           ####         1%          1    None
 Call Imp                 Summ           ######..     1%          2    None
 Poisonous Vapours        Pois/Air       ######       1%          2    None
 Gell's Gravitas          Tloc           ######....   1%          3    None
 Stone Arrow              Conj/Erth      ######       1%          3    None
 Summon Guardian Golem    Hex/Summ       ######..     1%          3    None
 Summon Ice Beast         Ice/Summ       ######..     2%          4    None
 Cause Fear               Hex            ######....   4%          4    None
 Metabolic Englaciation   Hex/Ice        ######....   12%         5    ##.....
 Silence                  Hex/Air        ######....   12%         5    ##.....
 Yara's Violent Unravell  Hex/Tmut       ######....   12%         5    ##.....
 Darkness                 Hex            ######....   56%         6    #####..


Dungeon Overview and Level Annotations

Branches:
Dungeon (11/15)            Temple (1/1) D:5            Lair (4/6) D:8
  Snake (1/4) Lair:3
  Swamp: Lair:2-4    Shoals: Lair:2-4       Orc: D:9-12

Altars:
Ashenzari
Cheibriados
Dithmenos
Elyvilon
Fedhas
Gozag
Hepliaklqana
Kikubaaqudgha
Makhleb
Qazlal
Ru
Sif Muna
Uskayaw
Vehumet
Wu Jian
Xom
Yredelemnul
Zin
Beogh

Portals:
Ice
Cave: Lair:2

Annotations:
D:7 exclusion: oklob plant


Innate Abilities, Weirdness & Mutations

Your experience applies equally to all skills.
You have very sharp teeth.
Your uncanny sense of smell can sniff out nearby items.
Your body sometimes deteriorates upon taking damage.


Message History

Really remove
v - the amulet "Efoijiuhau" {Reflect *Contam rF++ Dex+7 SH+4}?
Really remove
v - the amulet "Efoijiuhau" {Reflect *Contam rF++ Dex+7 SH+4}?
Okay, then.
Unknown command.
Your lightning spire disappears in a puff of smoke!
There is an open door here.
Things that are here:
a +0 war axe; a tomahawk; a naga corpse
H - 2 tomahawks (gained 1)
You see here a tomahawk.
H - 3 tomahawks (gained 1)
Items here: ) [ †† a +0 dagger of venom; a +0 robe; a black mamba corpse; a naga corpse
There is a staircase back to the Lair, spattered with blood here.
You see here a black mamba corpse.
You open the door.
There is an open door here.
Memorise Petrify, consuming 4 spell levels and leaving 12?
You start memorising the spell.
You continue memorising. x4
You finish memorising.
Spell assigned to 'a'.
This spell is slightly dangerous to cast.
Memorise Lee's Rapid Deconstruction, consuming 5 spell levels and leaving 7?
You start memorising the spell.
You continue memorising. x5
You finish memorising.
Spell assigned to 'D'.
You open the door.
An anaconda, a naga, 2 naga warriors and 2 salamanders come into view.
The anaconda hisses angrily.
The naga warrior shouts!
A naga comes into view. It is wielding a +0 war axe.
Unknown command.
Unknown command.
Unknown command.
You block the anaconda's attack. The anaconda bites you.
The anaconda completely misses you. You block the anaconda's attack.
The salamander completely misses you.
A naga comes into view. It is wielding a +0 trident.
Unknown command.
Unknown command.
Evoke which item? (* to show all) (? for menu, Esc to quit)
Aiming: Enslavement
Press: ? - help, Shift-Dir - straight line, f - anaconda
Aim: an anaconda (chance to defeat MR: 50%)
The anaconda resists with some effort.
The naga shouts! x2
The now-empty wand crumbles to dust.
You block the anaconda's attack.
The anaconda bites you but does no damage.
You block the anaconda's attack. The anaconda bites you.
The salamander hits you from afar with a +2 trident.
You are engulfed in flames.
You resist.
Unknown command.
Evoke which item? (* to show all) (? for menu, Esc to quit)
You don't have any such object.
Evoke which item? (* to show all) (? for menu, Esc to quit)
Huh?
Evoke which item? (* to show all) (? for menu, Esc to quit)
Okay, then.
Evoke which item? (* to show all) (? for menu, Esc to quit)
Okay, then.
Unknown command.
Okay, then.
The naga shouts!
The anaconda completely misses you.
You riposte.
You barely miss the anaconda. You block the anaconda's attack.
The anaconda completely misses you. The anaconda barely misses you.
The anaconda misses you. The anaconda bites you!
* * * LOW HITPOINT WARNING * * *
You block the salamander's attack.
Okay, then.
The anaconda misses you.
The anaconda bites you but does no damage.
The anaconda barely misses you. x2
The anaconda barely misses you. The anaconda completely misses you.
You block the anaconda's attack. The anaconda bites you!
* * * LOW HITPOINT WARNING * * *
The salamander closely misses you. The anaconda misses you.
You riposte.
You hit the anaconda.
The anaconda is lightly wounded.
The anaconda bites you.
* * * LOW HITPOINT WARNING * * *
You block the anaconda's attack. The anaconda bites you.
* * * LOW HITPOINT WARNING * * *
You block the salamander's attack. The anaconda misses you.
The anaconda bites you.
* * * LOW HITPOINT WARNING * * *
The anaconda closely misses you.
You riposte.
You slash the anaconda! Your bite misses the anaconda.
The anaconda is moderately wounded.
The anaconda completely misses you. The anaconda closely misses you.
The anaconda bites you but does no damage.
The salamander hits you but does no damage.
The anaconda closely misses you.
The anaconda bites you but does no damage.
The anaconda misses you. The anaconda bites you!
* * * LOW HITPOINT WARNING * * *
Your body deteriorates!
You feel weakened. You block the anaconda's attack. x2
The anaconda barely misses you. You block the anaconda's attack.
The salamander hits you from afar with a +2 trident!
* * * LOW HITPOINT WARNING * * *
You are engulfed in flames.
You resist.
You die...

#.# #.#
...... #N#
#.# #####.
#N# #.# ##
#N# #.# #N#
#.# #.# #.#
#N# #.#
#S###.#####
#.@.......#
###########


You could see a naga warrior, 2 salamanders, an anaconda and 2 nagas.

Vanquished Creatures
  An anaconda (Snake:1)
  A black mamba (Snake:1)
  3 spiny frogs
  A komodo dragon (Lair:2)
  A hornet (D:10)
  2 polar bears
  2 hippogriffs
  9 yaks
  A centaur (D:10)
  A water moccasin (Lair:1)
  3 black bears (Lair:1)
  An ice beast (D:10)
  A sky beast (D:7)
  2 ogres (D:9)
  A phantom (D:10)
  A necrophage (D:8)
  4 crocodiles
  A big kobold (D:10)
  4 bullfrogs
  2 scorpions
  7 killer bees
  A wight (D:7)
  2 jellies
  2 orc priests (D:9)
  2 hounds
  4 orc wizards
  A centaur skeleton (D:9)
  3 iguanas
  4 adders
  A shadow imp (D:8)
  2 worms (D:3)
  A dart slug (D:3)
  A leopard gecko (D:5)
  12 orcs
  2 giant cockroaches
  4 goblins
  4 hobgoblins
  3 jackals (D:8)
  A ball python (D:3)
  4 bats
  A frilled lizard (D:1)
  3 kobolds
  A leopard gecko skeleton (D:7)
  A leopard gecko zombie (D:7)
  2 rats
111 creatures vanquished.

Vanquished Creatures (collateral kills)
  An anaconda (Snake:1)
  2 tengu warriors (D:10)
  3 death yaks (D:8)
  2 mana vipers (Snake:1)
  A naga ritualist (Snake:1)
  Pikel (D:5)
  3 oklob plants (Lair:2)
  A manticore (D:10)
  3 black mambas (Snake:1)
  2 spiny frogs
  A komodo dragon (Lair:2)
  2 polar bears
  4 blink frogs (Lair:1)
  3 hippogriffs
  Sigmund (D:2)
  8 yaks
  A steam dragon (D:10)
  Menkaure (D:4)
  3 water moccasins
  A naga (Snake:1)
  2 porcupines (Lair:2)
  3 orc warriors
  A sky beast (D:7)
  2 ice beasts
  2 slaves (D:5)
  2 black bears (Lair:1)
  An ogre (D:8)
  A phantom (D:10)
  3 crocodiles
  7 bullfrogs
  A scorpion (D:10)
  A water moccasin skeleton (D:10)
  7 killer bees
  4 wights (D:7)
  A howler monkey (D:4)
  2 crimson imps
  A quasit (D:10)
  2 hounds
  A jelly (D:8)
  An orc priest (D:9)
  Crazy Yiuf (D:5)
  An iguana (D:4)
  Ijyb (D:5)
  4 orc wizards
  3 hell rats (D:8)
  A worker ant (D:10)
  A howler monkey zombie (D:5)
  A shadow imp (D:11)
  An adder zombie (D:5)
  2 adder skeletons
  2 leopard geckos (D:1)
  20 orcs
  2 giant cockroaches (D:1)
  A goblin (D:1)
  3 bats
  2 frilled lizards
  3 kobolds (D:10)
  A plant (Lair:2)
139 creatures vanquished.

Vanquished Creatures (others)
  A bullfrog skeleton (D:5)
  A plant (Lair:2)
2 creatures vanquished.

Grand Total: 252 creatures vanquished

Notes
Turn   | Place    | Note
-------+----------+-------------------------------------------
     0 | D:1      | tidbits the Gnoll Summoner began the quest for the Orb.
     0 | D:1      | Reached XP level 1. HP: 13/13 MP: 6/6
   171 | D:1      | Reached XP level 2. HP: 17/19 MP: 5/7
   175 | D:1      | Learned a level 2 spell: Call Imp
   574 | D:3      | Reached XP level 3. HP: 12/25 MP: 7/9
   579 | D:3      | Learned a level 3 spell: Call Canine Familiar
   583 | D:3      | Learned a level 3 spell: Summon Guardian Golem
   670 | D:3      | Reached skill level 5 in Spellcasting
   868 | D:2      | Reached skill level 1 in Invocations
   907 | D:2      | Noticed Sigmund
   919 | D:2      | Killed Sigmund
   919 | D:2      | Reached skill level 1 in Fighting
   919 | D:2      | Reached skill level 1 in Short Blades
   919 | D:2      | Reached skill level 1 in Long Blades
   919 | D:2      | Reached skill level 1 in Axes
   919 | D:2      | Reached skill level 1 in Maces & Flails
   919 | D:2      | Reached skill level 1 in Polearms
   919 | D:2      | Reached skill level 1 in Staves
   919 | D:2      | Reached skill level 1 in Slings
   919 | D:2      | Reached skill level 1 in Bows
   919 | D:2      | Reached skill level 1 in Crossbows
   919 | D:2      | Reached skill level 1 in Throwing
   919 | D:2      | Reached skill level 1 in Armour
   919 | D:2      | Reached skill level 1 in Shields
   919 | D:2      | Reached skill level 1 in Unarmed Combat
   919 | D:2      | Reached skill level 1 in Conjurations
   919 | D:2      | Reached skill level 1 in Hexes
   919 | D:2      | Reached skill level 1 in Charms
   919 | D:2      | Reached skill level 1 in Necromancy
   919 | D:2      | Reached skill level 1 in Translocations
   919 | D:2      | Reached skill level 1 in Transmutations
   919 | D:2      | Reached skill level 1 in Fire Magic
   919 | D:2      | Reached skill level 1 in Ice Magic
   919 | D:2      | Reached skill level 1 in Air Magic
   919 | D:2      | Reached skill level 1 in Earth Magic
   919 | D:2      | Reached skill level 1 in Poison Magic
   919 | D:2      | Reached skill level 1 in Evocations
   919 | D:2      | Reached XP level 4. HP: 26/32 MP: 8/11
   919 | D:2      | Reached XP level 5. HP: 30/37 MP: 8/12
   925 | D:2      | Learned a level 4 spell: Summon Lightning Spire
  1057 | D:4      | Noticed Menkaure
  1070 | D:4      | Killed Menkaure
  1070 | D:4      | Reached skill level 2 in Invocations
  1070 | D:4      | Reached XP level 6. HP: 22/44 MP: 10/14
  1101 | D:4      | Reached skill level 5 in Dodging
  1111 | D:4      | Found a shattered altar of Ashenzari.
  1151 | D:5      | Entered Level 5 of the Dungeon
  1169 | D:5      | Got a pitted scale mail
  1222 | D:5      | Found a staircase to the Ecumenical Temple.
  1228 | Temple   | Entered the Ecumenical Temple
  1296 | D:5      | Reached skill level 2 in Fighting
  1296 | D:5      | Reached skill level 2 in Short Blades
  1296 | D:5      | Reached skill level 2 in Long Blades
  1296 | D:5      | Reached skill level 2 in Axes
  1296 | D:5      | Reached skill level 2 in Maces & Flails
  1296 | D:5      | Reached skill level 2 in Polearms
  1296 | D:5      | Reached skill level 2 in Staves
  1296 | D:5      | Reached skill level 2 in Slings
  1296 | D:5      | Reached skill level 2 in Bows
  1296 | D:5      | Reached skill level 2 in Crossbows
  1296 | D:5      | Reached skill level 2 in Throwing
  1296 | D:5      | Reached skill level 2 in Armour
  1296 | D:5      | Reached skill level 2 in Shields
  1296 | D:5      | Reached skill level 2 in Unarmed Combat
  1296 | D:5      | Reached skill level 2 in Evocations
  1306 | D:5      | Noticed a slave
  1308 | D:5      | Noticed Pikel
  1308 | D:5      | Noticed a slave
  1309 | D:5      | Noticed a slave
  1313 | D:5      | Killed a slave
  1315 | D:5      | Noticed a slave
  1319 | D:5      | Killed a slave
  1319 | D:5      | Killed Pikel
  1319 | D:5      | Reached XP level 7. HP: 44/51 MP: 9/15
  1428 | D:5      | Noticed Ijyb
  1435 | D:5      | Killed Ijyb
  1437 | D:5      | Reached skill level 2 in Conjurations
  1437 | D:5      | Reached skill level 2 in Hexes
  1437 | D:5      | Reached skill level 2 in Charms
  1437 | D:5      | Reached skill level 2 in Necromancy
  1437 | D:5      | Reached skill level 2 in Translocations
  1437 | D:5      | Reached skill level 2 in Transmutations
  1437 | D:5      | Reached skill level 2 in Fire Magic
  1437 | D:5      | Reached skill level 2 in Ice Magic
  1437 | D:5      | Reached skill level 2 in Air Magic
  1437 | D:5      | Reached skill level 2 in Earth Magic
  1437 | D:5      | Reached skill level 2 in Poison Magic
  1502 | D:5      | Found a runed door.
  1506 | D:5      | Noticed Crazy Yiuf
  1513 | D:5      | Killed Crazy Yiuf
  1531 | D:5      | Identified the +5 scale mail of Xuonurch {rElec MP+9 Dex-2}
                  | (You found it on level 5 of the Dungeon)
  1712 | D:7      | Found a shimmering altar of Xom.
  1712 | D:7      | Noticed an oklob plant
  1720 | D:7      | Learned a level 2 spell: Passwall
  1853 | D:7      | Found a deep blue altar of Sif Muna.
  1853 | D:7      | Found a hide-covered altar of Uskayaw.
  1853 | D:7      | Found a glowing silver altar of Zin.
  1860 | D:7      | Reached skill level 5 in Stealth
  1894 | D:7      | Reached skill level 3 in Invocations
  1899 | D:7      | Found a stormy altar of Qazlal.
  1906 | D:7      | Found a snail-covered altar of Cheibriados.
  1911 | D:7      | Reached XP level 8. HP: 57/57 MP: 16/16
  1913 | D:7      | Became a worshipper of Cheibriados the Contemplative
  1965 | D:7      | Reached skill level 3 in Fighting
  1965 | D:7      | Reached skill level 3 in Short Blades
  1965 | D:7      | Reached skill level 3 in Long Blades
  1965 | D:7      | Reached skill level 3 in Axes
  1965 | D:7      | Reached skill level 3 in Maces & Flails
  1965 | D:7      | Reached skill level 3 in Polearms
  1965 | D:7      | Reached skill level 3 in Staves
  1965 | D:7      | Reached skill level 3 in Slings
  1965 | D:7      | Reached skill level 3 in Bows
  1965 | D:7      | Reached skill level 3 in Crossbows
  1965 | D:7      | Reached skill level 3 in Throwing
  1965 | D:7      | Reached skill level 3 in Armour
  1965 | D:7      | Reached skill level 3 in Shields
  1965 | D:7      | Reached skill level 3 in Unarmed Combat
  1965 | D:7      | Reached skill level 3 in Evocations
  2016 | D:8      | Found a staircase to the Lair.
  2016 | D:8      | Noticed a death yak
  2016 | D:8      | Noticed a death yak
  2172 | D:9      | Reached skill level 6 in Spellcasting
  2177 | D:9      | Reached * piety under Cheibriados
  2185 | D:9      | Found a roughly hewn altar of Beogh.
  2204 | D:9      | Learned a level 3 spell: Confuse
  2447 | D:10     | Entered Level 10 of the Dungeon
  2447 | D:10     | Noticed a yak
  2447 | D:10     | Noticed a yak
  2452 | D:9      | Found an opulent altar of Gozag.
  2456 | D:9      | Reached skill level 4 in Invocations
  2479 | D:9      | Reached skill level 3 in Conjurations
  2479 | D:9      | Reached skill level 3 in Hexes
  2479 | D:9      | Reached skill level 3 in Charms
  2479 | D:9      | Reached skill level 3 in Necromancy
  2479 | D:9      | Reached skill level 3 in Translocations
  2479 | D:9      | Reached skill level 3 in Transmutations
  2479 | D:9      | Reached skill level 3 in Fire Magic
  2479 | D:9      | Reached skill level 3 in Ice Magic
  2479 | D:9      | Reached skill level 3 in Air Magic
  2479 | D:9      | Reached skill level 3 in Earth Magic
  2479 | D:9      | Reached skill level 3 in Poison Magic
  2513 | D:9      | Reached XP level 9. HP: 65/65 MP: 16/18
  2535 | D:9      | Reached skill level 6 in Dodging
  2574 | D:8      | Reached ** piety under Cheibriados
  2763 | D:10     | Noticed a manticore
  2764 | D:10     | Reached skill level 4 in Fighting
  2764 | D:10     | Reached skill level 4 in Short Blades
  2764 | D:10     | Reached skill level 4 in Long Blades
  2764 | D:10     | Reached skill level 4 in Axes
  2764 | D:10     | Reached skill level 4 in Maces & Flails
  2764 | D:10     | Reached skill level 4 in Polearms
  2764 | D:10     | Reached skill level 4 in Staves
  2764 | D:10     | Reached skill level 4 in Slings
  2764 | D:10     | Reached skill level 4 in Bows
  2764 | D:10     | Reached skill level 4 in Crossbows
  2764 | D:10     | Reached skill level 4 in Throwing
  2764 | D:10     | Reached skill level 4 in Armour
  2764 | D:10     | Reached skill level 4 in Shields
  2764 | D:10     | Reached skill level 4 in Unarmed Combat
  2764 | D:10     | Reached skill level 4 in Evocations
  2774 | D:10     | Killed a manticore
  2774 | D:10     | Reached skill level 6 in Stealth
  2774 | D:10     | Reached skill level 8 in Summonings
  2790 | D:10     | Reached *** piety under Cheibriados
  2889 | D:10     | Reached skill level 5 in Invocations
  2933 | D:10     | Noticed a hornet
  2934 | D:10     | Reached XP level 10. HP: 56/73 MP: 20/20
  2945 | D:10     | Reached skill level 7 in Spellcasting
  2964 | D:10     | Reached skill level 4 in Conjurations
  2964 | D:10     | Reached skill level 4 in Hexes
  2964 | D:10     | Reached skill level 4 in Charms
  2964 | D:10     | Reached skill level 4 in Necromancy
  2964 | D:10     | Reached skill level 4 in Translocations
  2964 | D:10     | Reached skill level 4 in Transmutations
  2964 | D:10     | Reached skill level 4 in Fire Magic
  2964 | D:10     | Reached skill level 4 in Ice Magic
  2964 | D:10     | Reached skill level 4 in Air Magic
  2964 | D:10     | Reached skill level 4 in Earth Magic
  2964 | D:10     | Reached skill level 4 in Poison Magic
  3012 | D:10     | Noticed a tengu warrior
  3015 | D:10     | Noticed a tengu warrior
  3021 | D:10     | Killed a tengu warrior
  3021 | D:10     | Reached skill level 5 in Fighting
  3021 | D:10     | Reached skill level 5 in Short Blades
  3021 | D:10     | Reached skill level 5 in Long Blades
  3021 | D:10     | Reached skill level 5 in Axes
  3021 | D:10     | Reached skill level 5 in Maces & Flails
  3021 | D:10     | Reached skill level 5 in Polearms
  3021 | D:10     | Reached skill level 5 in Staves
  3021 | D:10     | Reached skill level 5 in Slings
  3021 | D:10     | Reached skill level 5 in Bows
  3021 | D:10     | Reached skill level 5 in Crossbows
  3021 | D:10     | Reached skill level 5 in Throwing
  3021 | D:10     | Reached skill level 5 in Armour
  3021 | D:10     | Reached skill level 5 in Shields
  3021 | D:10     | Reached skill level 5 in Unarmed Combat
  3021 | D:10     | Reached skill level 5 in Evocations
  3028 | D:10     | Killed a tengu warrior
  3028 | D:10     | Reached skill level 7 in Dodging
  3080 | D:10     | Reached **** piety under Cheibriados
  3293 | D:8      | Noticed a death yak
  3310 | D:8      | Killed a death yak
  3310 | D:8      | Reached skill level 7 in Stealth
  3310 | D:8      | Reached skill level 6 in Invocations
  3314 | D:8      | Killed a death yak
  3315 | D:8      | Killed a death yak
  3315 | D:8      | Reached XP level 11. HP: 54/81 MP: 22/22
  3342 | Lair:1   | Entered Level 1 of the Lair of Beasts
  3349 | Lair:1   | Reached skill level 6 in Fighting
  3349 | Lair:1   | Reached skill level 6 in Short Blades
  3349 | Lair:1   | Reached skill level 6 in Long Blades
  3349 | Lair:1   | Reached skill level 6 in Axes
  3349 | Lair:1   | Reached skill level 6 in Maces & Flails
  3349 | Lair:1   | Reached skill level 6 in Polearms
  3349 | Lair:1   | Reached skill level 6 in Staves
  3349 | Lair:1   | Reached skill level 6 in Slings
  3349 | Lair:1   | Reached skill level 6 in Bows
  3349 | Lair:1   | Reached skill level 6 in Crossbows
  3349 | Lair:1   | Reached skill level 6 in Throwing
  3349 | Lair:1   | Reached skill level 6 in Armour
  3349 | Lair:1   | Reached skill level 6 in Shields
  3349 | Lair:1   | Reached skill level 6 in Unarmed Combat
  3349 | Lair:1   | Reached skill level 6 in Evocations
  3353 | Lair:1   | Reached skill level 5 in Conjurations
  3353 | Lair:1   | Reached skill level 5 in Hexes
  3353 | Lair:1   | Reached skill level 5 in Charms
  3353 | Lair:1   | Reached skill level 5 in Necromancy
  3353 | Lair:1   | Reached skill level 5 in Translocations
  3353 | Lair:1   | Reached skill level 5 in Transmutations
  3353 | Lair:1   | Reached skill level 5 in Fire Magic
  3353 | Lair:1   | Reached skill level 5 in Ice Magic
  3353 | Lair:1   | Reached skill level 5 in Air Magic
  3353 | Lair:1   | Reached skill level 5 in Earth Magic
  3353 | Lair:1   | Reached skill level 5 in Poison Magic
  3370 | Lair:1   | Found an opulent altar of Gozag.
  3396 | Lair:1   | Reached skill level 8 in Spellcasting
  3469 | Lair:2   | Got a translucent leather armour
  3480 | Lair:2   | Identified the +0 leather armour of Sary {*Contam +Fly
                  | Str+6} (You found it on level 2 of the Lair of Beasts)
  3518 | Lair:2   | Gained mutation: Your body sometimes deteriorates upon
                  | taking damage. [mutagenic glow]
  3552 | Lair:2   | Found a frozen archway.
  3569 | Lair:2   | Reached skill level 9 in Summonings
  3569 | Lair:2   | Reached skill level 7 in Invocations
  3583 | Lair:2   | Reached skill level 8 in Dodging
  3740 | Lair:2   | Noticed an oklob plant
  3741 | Lair:2   | Noticed an oklob plant
  3741 | Lair:2   | Noticed an oklob plant
  3749 | Lair:2   | Killed an oklob plant
  3755 | Lair:2   | Reached ***** piety under Cheibriados
  3766 | Lair:2   | Killed an oklob plant
  3767 | Lair:2   | Killed an oklob plant
  3777 | Lair:2   | Got a warped ivory amulet
  3779 | Lair:2   | Identified the amulet "Efoijiuhau" {Reflect *Contam rF++
                  | Dex+7 SH+4} (You found it on level 2 of the Lair of Beasts)
  3856 | Lair:3   | Identified the Disquisition on Curses and Poisoning
  3970 | Lair:3   | Reached skill level 8 in Stealth
  3989 | Lair:3   | Found a staircase to the Snake Pit.
  4002 | Snake:1  | Entered Level 1 of the Snake Pit
  4002 | Snake:1  | Noticed a mana viper
  4002 | Snake:1  | Noticed an anaconda
  4003 | Snake:1  | Noticed a mana viper
  4003 | Snake:1  | Noticed a naga ritualist
  4016 | Snake:1  | Killed an anaconda
  4016 | Snake:1  | Reached XP level 12. HP: 47/89 MP: 24/24
  4048 | Snake:1  | Noticed an anaconda
  4056 | Snake:1  | Killed an anaconda
  4057 | Snake:1  | Reached skill level 7 in Fighting
  4057 | Snake:1  | Reached skill level 7 in Short Blades
  4057 | Snake:1  | Reached skill level 7 in Long Blades
  4057 | Snake:1  | Reached skill level 7 in Axes
  4057 | Snake:1  | Reached skill level 7 in Maces & Flails
  4057 | Snake:1  | Reached skill level 7 in Polearms
  4057 | Snake:1  | Reached skill level 7 in Staves
  4057 | Snake:1  | Reached skill level 7 in Slings
  4057 | Snake:1  | Reached skill level 7 in Bows
  4057 | Snake:1  | Reached skill level 7 in Crossbows
  4057 | Snake:1  | Reached skill level 7 in Throwing
  4057 | Snake:1  | Reached skill level 7 in Armour
  4057 | Snake:1  | Reached skill level 7 in Shields
  4057 | Snake:1  | Reached skill level 7 in Unarmed Combat
  4057 | Snake:1  | Reached skill level 7 in Evocations
  4091 | Snake:1  | Learned a level 4 spell: Petrify
  4097 | Snake:1  | Learned a level 5 spell: Lee's Rapid Deconstruction
  4124 | Snake:1  | Noticed a naga warrior
  4124 | Snake:1  | Noticed a naga warrior
  4124 | Snake:1  | Noticed an anaconda
  4133 | Snake:1  | HP: 3/91 [salamander/+2 trident (8)]
  4133 | Snake:1  | Slain by a salamander

Vault maps used:
D:1:      elethiomel_arrival_shortcut
D:2:      chequers_ecumenical_altar_lobes, uniq_sigmund
D:3:      tso_oasis_becter, serial_glass, glass_columns_c, glass_columns_b,
          first_ration, kennysheep_generic_room_10
D:4:      nicolae_overflow_hidden_temple, uniq_robin, uniq_menkaure
D:5:      nemelex_xobeh_ov_fountains_minmay, minmay_temple_entry_wispy,
          serial_shops, shop, hangedman_decor_clover_reticule,
          uniq_crazy_yiuf_cottage, uniq_pikel, uniq_ijyb
D:6:      serial_shops, nicolae_shop_statue_plus
D:7:      grunt_temple_overflow_open,
          chequers_temple_overflow_statue_of_worship, lemuel_oklob_altar
D:8:      dpeg_lair_monsters, uniq_psyche, uniq_gastronok, uniq_harold
D:9:      grunt_temple_overflow_bloody_war, basic_altar, serial_shops, shop,
          special_room
D:10:     erik_rubicon_b
D:11:     grunt_livestock, elves_outpost_lemuel, uniq_fannar
Temple:   nicolae_temple_hex_pool
Lair:1:   beast_lair_carwin_large_4, basic_altar, chequers_serial_rivers_marsh,
          infiniplex_staircase_pool_2
Lair:2:   portal_ice_cave_entry_ice_beasts, minmay_lair_oklob_chamber
Lair:3:   dummy_snake_entry
Lair:4:   minmay_shoals_entry_lonely_mermaid, beast_lair_carwin_5
Snake:1:  cheibrodos_snake_lava_hold, st_stairs_7

Skill      XL: |  1  2  3  4  5  6  7  8  9 10 11 12 |
---------------+-------------------------------------+-----
Spellcasting   | 5 6 7 8 |  8.7
Invocations    | 1 2 3 4 5 6 7 |  7.6
Fighting       | 1 2 3 4 5 6 7 |  7.0
Short Blades   | 1 2 3 4 5 6 7 |  7.0
Long Blades    | 1 2 3 4 5 6 7 |  7.0
Axes           | 1 2 3 4 5 6 7 |  7.0
Maces & Flails | 1 2 3 4 5 6 7 |  7.0
Polearms       | 1 2 3 4 5 6 7 |  7.0
Staves         | 1 2 3 4 5 6 7 |  7.0
Slings         | 1 2 3 4 5 6 7 |  7.0
Bows           | 1 2 3 4 5 6 7 |  7.0
Crossbows      | 1 2 3 4 5 6 7 |  7.0
Throwing       | 1 2 3 4 5 6 7 |  7.0
Armour         | 1 2 3 4 5 6 7 |  7.0
Shields        | 1 2 3 4 5 6 7 |  7.0
Unarmed Combat | 1 2 3 4 5 6 7 |  7.0
Conjurations   | 1 2 3 4 5 |  5.8
Hexes          | 1 2 3 4 5 |  5.8
Charms         | 1 2 3 4 5 |  5.8
Necromancy     | 1 2 3 4 5 |  5.8
Translocations | 1 2 3 4 5 |  5.8
Transmutations | 1 2 3 4 5 |  5.8
Fire Magic     | 1 2 3 4 5 |  5.8
Ice Magic      | 1 2 3 4 5 |  5.8
Air Magic      | 1 2 3 4 5 |  5.8
Earth Magic    | 1 2 3 4 5 |  5.8
Poison Magic   | 1 2 3 4 5 |  5.8
Evocations     | 1 2 3 4 5 6 7 |  7.0
Dodging        | 5 6 7 8 |  8.4
Stealth        | 5 6 7 8 |  8.2
Summonings     | 8 9 |  9.2

Action                   |  1- 3 |  4- 6 |  7- 9 | 10-12 || total
-------------------------+-------+-------+-------+-------++-------
Melee: Dagger            |    74 |    30 |    85 |    32 ||   221
       Bite              |     4 |     4 |    11 |    42 ||    61
       Unarmed           |       |       |     2 |       ||     2
       Long sword        |       |       |    22 |   126 ||   148
 Fire: Hand crossbow     |       |       |    35 |       ||    35
Throw: Tomahawk          |       |     8 |    24 |    28 ||    60
       Stone             |       |       |     2 |     1 ||     3
       Javelin           |       |       |       |     3 ||     3
 Cast: Summon Small Mamm |    22 |       |       |       ||    22
       Call Canine Famil |     3 |       |     2 |       ||     5
       Summon Lightning  |       |     5 |    21 |    37 ||    63
       Passwall          |       |       |     9 |     3 ||    12
       Summon Guardian G |       |       |     1 |       ||     1
       Confuse           |       |       |     1 |       ||     1
Invok: Temporal Distorti |       |       |       |     1 ||     1
       Slouch            |       |       |       |     2 ||     2
Evoke: Wand              |       |       |     1 |     2 ||     3
  Use: Scroll            |     3 |       |     9 |     7 ||    19
       Potion            |     1 |       |       |       ||     1
 Stab: Sleeping          |    10 |     1 |    15 |     7 ||    33
       Distracted        |       |     1 |     3 |     8 ||    12
       Confused          |       |       |     1 |       ||     1
       Betrayed ally     |       |       |     1 |       ||     1
  Eat: Chunk             |       |     2 |     2 |     3 ||     7
       Ration            |       |       |     1 |     1 ||     2
Armor: Robe              |    11 |       |    18 |       ||    29
       Scale mail        |       |       |     3 |    97 ||   100
Dodge: Dodged            |    58 |    11 |    73 |   167 ||   309
Block: Buckler           |       |       |    39 |   101 ||   140
       Rpst.: Long sword |       |       |     4 |    27 ||    31

Table legend:
 A = Non-vault XP
 B = Vault XP
 C = Vault XP percentage of total XP
 D = Non-vault monster count
 E = Vault monster count
 F = Vault count percentage of total count
                 A         B        C        D         E       F
            +---------+---------+-------+---------+---------+-------
      Total |   17129 |    4697 |  21.5 |     208 |      39 |  15.8
            +---------+---------+-------+---------+---------+-------
        D:1 |      14 |       0 |   0.0 |      12 |       0 |   0.0
        D:2 |      30 |     141 |  82.5 |      12 |       1 |   7.7
        D:3 |      25 |       0 |   0.0 |      10 |       0 |   0.0
        D:4 |     131 |     107 |  45.0 |       9 |       1 |  10.0
        D:5 |      92 |     318 |  77.6 |       7 |       3 |  30.0
        D:7 |     575 |       0 |   0.0 |      14 |       0 |   0.0
        D:8 |     487 |    1721 |  77.9 |      20 |       7 |  25.9
        D:9 |     835 |     337 |  28.8 |      25 |      15 |  37.5
       D:10 |    4583 |       0 |   0.0 |      41 |       0 |   0.0
       D:11 |      27 |       0 |   0.0 |       2 |       0 |   0.0
     Lair:1 |    2488 |     952 |  27.7 |      14 |       7 |  33.3
     Lair:2 |    3693 |    1021 |  21.7 |      25 |       4 |  13.8
     Lair:3 |     653 |     100 |  13.3 |       7 |       1 |  12.5
    Snake:1 |    3496 |       0 |   0.0 |      10 |       0 |   0.0
            +---------+---------+-------+---------+---------+-------

Table legend:
 A = Turns spent in this place as a percentage of turns spent in the entire game.
 B = Non-inter-level travel turns spent in this place as a percentage of non-inter-level travel turns spent in the entire game.
 C = Inter-level travel turns spent in this place as a percentage of turns spent in this place.
 D = Turns resting spent in this place as a percentage of non-inter-level travel turns spent in this place.
 E = Turns spent auto-exploring this place as a percentage of non-inter-level travel turns spent in this place.
 F = Non-inter-level travel turns spent in this place divided by the number of levels of this place that you've seen.
                   A       B       C       D       E      F
               +-------+-------+-------+-------+-------+----------------------
         Total | 100.0 | 100.0 |   1.7 |   0.0 |   0.0 | 239.0
       Dungeon |  79.4 |  79.3 |   1.8 |   0.0 |   0.0 | 292.7
        Temple |   1.5 |   1.3 |  16.1 |   0.0 |   0.0 |  52.0
          Lair |  16.0 |  16.2 |   0.0 |   0.0 |   0.0 | 165.0
     Snake Pit |   3.2 |   3.2 |   0.0 |   0.0 |   0.0 | 131.0
               +-------+-------+-------+-------+-------+----------------------

Table legend:
 A = Kills in this place as a percentage of kills in entire the game.
 B = Kills by you in this place as a percentage of kills by you in the entire game.
 C = Kills by friends in this place as a percentage of kills by friends in the entire game.
 D = Other kills in this place as a percentage of other kills in the entire game.
 E = Experience gained in this place as a percentage of experience gained in the entire game.
 F = Experience gained in this place divided by the number of levels of this place that you have seen.
                   A       B       C       D       E      F
               +-------+-------+-------+-------+-------+----------------------
         Total | 100.0 | 100.0 | 100.0 |   N/A | 100.0 | 1283.9
       Dungeon |  72.5 |  76.6 |  69.1 |   N/A |  43.2 | 856.6
          Lair |  23.5 |  21.6 |  25.0 |   N/A |  40.8 | 2226.8
     Snake Pit |   4.0 |   1.8 |   5.9 |   N/A |  16.0 | 3496.0
               +-------+-------+-------+-------+-------+----------------------

Vault maps used:
D:1:      elethiomel_arrival_shortcut
D:2:      chequers_ecumenical_altar_lobes, uniq_sigmund
D:3:      tso_oasis_becter, serial_glass, glass_columns_c, glass_columns_b,
          first_ration, kennysheep_generic_room_10
D:4:      nicolae_overflow_hidden_temple, uniq_robin, uniq_menkaure
D:5:      nemelex_xobeh_ov_fountains_minmay, minmay_temple_entry_wispy,
          serial_shops, shop, hangedman_decor_clover_reticule,
          uniq_crazy_yiuf_cottage, uniq_pikel, uniq_ijyb
D:6:      serial_shops, nicolae_shop_statue_plus
D:7:      grunt_temple_overflow_open,
          chequers_temple_overflow_statue_of_worship, lemuel_oklob_altar
D:8:      dpeg_lair_monsters, uniq_psyche, uniq_gastronok, uniq_harold
D:9:      grunt_temple_overflow_bloody_war, basic_altar, serial_shops, shop,
          special_room
D:10:     erik_rubicon_b
D:11:     grunt_livestock, elves_outpost_lemuel, uniq_fannar
Temple:   nicolae_temple_hex_pool
Lair:1:   beast_lair_carwin_large_4, basic_altar, chequers_serial_rivers_marsh,
          infiniplex_staircase_pool_2
Lair:2:   portal_ice_cave_entry_ice_beasts, minmay_lair_oklob_chamber
Lair:3:   dummy_snake_entry
Lair:4:   minmay_shoals_entry_lonely_mermaid, beast_lair_carwin_5
Snake:1:  cheibrodos_snake_lava_hold, st_stairs_7
